 Dungeon Crawl Stone Soup version 0.24-a0-779-g36f0aeb843 (webtiles) character file.

Game seed: 10808990558543336905, levelgen mode: deterministic

278 Ablot the Charmwright (level 6, -3/50 HPs)
             Began as a Gnoll Skald on Oct 8, 2019.
             Was an Initiate of Okawaru.
             Slain by Edmund
             ... wielding a +2 flail of protection
              (9 damage)
             ... on level 4 of the Dungeon.
             The game lasted 00:04:53 (2902 turns).

Ablot the Charmwright (Gnoll Skald)                 Turns: 2902, Time: 00:04:54

Health: -3/50      AC:  3    Str: 15    XL:     6   Next: 26%
Magic:  0/14       EV: 14    Int: 15    God:    Okawaru [......]
Gold:   123        SH:  0    Dex: 15    Spells: 4/15 levels left

rFire    . . .     SeeInvis .   a - +0 spear
rCold    . . .     Gourm    .   (no shield)
rNeg     . . .     Faith    .   b - +0 leather armour
rPois    .         Spirit   .   (no helmet)
rElec    .         Reflect  .   (no cloak)
rCorr    .         Harm     .   (no gloves)
MR       .....                  (no boots)
Stlth    ++........             (no amulet)
HPRegen  0.16/turn              (no ring)
MPRegen  0.14/turn              (no ring)

@: no status effects
A: distributed training, fangs 1, strong nose
a: Renounce Religion


You were on level 4 of the Dungeon.
You worshipped Okawaru.
Okawaru was noncommittal.
You were hungry.

You visited 1 branch of the dungeon, and saw 6 of its levels.

You collected 123 gold pieces.

Inventory:

Hand Weapons
 a - a +0 spear (weapon)
Missiles
 c - 80 arrows
 j - 122 stones (quivered)
 k - 64 bolts
 p - 12 poisoned darts
Armour
 b - a +0 leather armour (worn)
Jewellery
 t - an uncursed amulet of regeneration {unknown}
Wands
 o - a wand of paralysis (10)
 u - a wand of digging (4)
Scrolls
 h - 3 scrolls of enchant weapon {unknown}
 i - a scroll of remove curse {unknown}
 m - 3 scrolls of magic mapping {unknown}
 q - 2 scrolls of identify {unknown}
 r - a scroll of immolation {unknown}
 s - 2 scrolls of amnesia {unknown}
 v - a scroll of teleportation {unknown}
Potions
 e - a potion of flight {unknown}
 f - a potion of curing {unknown}
 g - a potion of agility {unknown}
 l - a potion of brilliance {unknown}
 n - 2 potions of haste {unknown}
Comestibles
 d - 7 rations
 w - a chunk of flesh


   Skills:
 + Level 4.9 Fighting
 + Level 1.8 Short Blades
 + Level 1.8 Long Blades
 + Level 1.8 Axes
 + Level 1.8 Maces & Flails
 + Level 4.9 Polearms
 + Level 1.8 Staves
 + Level 1.8 Slings
 + Level 1.8 Bows
 + Level 1.8 Crossbows
 + Level 1.8 Throwing
 + Level 3.2 Armour
 + Level 4.9 Dodging
 + Level 1.8 Stealth
 + Level 1.8 Shields
 + Level 1.8 Unarmed Combat
 + Level 5.3 Spellcasting
 + Level 1.4 Conjurations
 + Level 1.4 Hexes
 + Level 5.6 Charms
 + Level 1.4 Summonings
 + Level 1.4 Necromancy
 + Level 1.4 Translocations
 + Level 1.4 Transmutations
 + Level 1.4 Fire Magic
 + Level 1.4 Ice Magic
 + Level 1.4 Air Magic
 + Level 1.4 Earth Magic
 + Level 1.4 Poison Magic
 + Level 2.0 Invocations
 + Level 1.8 Evocations


You had 4 spell levels left.
You knew the following spells:

 Your Spells              Type           Power        Failure   Level  Hunger
a - Infusion              Chrm           ###.         1%          1    None
b - Song of Slaying       Chrm           ###.....     3%          2    #......
c - Shroud of Golubria    Chrm/Tloc      ##....       7%          2    #......
d - Regeneration          Chrm/Necr      ##........   14%         3    ###....
e - Spectral Weapon       Hex/Chrm       ##......     14%         3    ###....

Your spell library contained the following spells:

 Spells                   Type           Power        Failure   Level  Hunger


Dungeon Overview and Level Annotations

Branches:
Dungeon (6/15)
 Temple: D:4-7

Altars:
Fedhas
Okawaru
Ru
Trog
Uskayaw
Xom

Annotations:
D:4 Edmund
D:6 exclusions: bullfrog and sky beast


Innate Abilities, Weirdness & Mutations

Your experience applies equally to all skills.
You have very sharp teeth.
Your uncanny sense of smell can sniff out nearby items.


Message History

You hit Edmund.
Edmund is almost dead.
Your spectral weapon hits Edmund but does no damage.
Edmund says, "People accused me of being a cutpurse!"
Edmund barely misses you.
You barely miss Edmund.
Edmund is almost dead.
Your spectral weapon hits Edmund but does no damage.
Casting: Spectral Weapon (safe; 14% risk of failure)
Confirm with . or Enter, or press ? or * to list all spells.
Space distorts slightly along a thin shroud covering your body.
Edmund hits you with a +2 flail of protection!
* * * LOW HITPOINT WARNING * * *
Your shroud falls apart!
Unknown command.
You hit Edmund but do no damage.
Edmund is almost dead.
Your spectral weapon misses Edmund.
Edmund hits you with a +2 flail of protection!
You die...

## ###. #...
#.$. #.?#..
#..# .......
..# . ......
#(# h ..... #@#
∆ #. #..###@#
.##.##..##..#
.....@......#
............#
##.....##......
#....>.#......#
#......########
########


You could see Edmund and a friendly spectral +0 spear.

Vanquished Creatures
  A centaur (D:6)
  3 gnolls (D:2)
  6 adders
  A shadow imp (D:6)
  An ooze (D:1)
  4 worms
  3 dart slugs
  2 leopard geckos (D:3)
  2 orcs (D:3)
  3 bats
  6 giant cockroaches
  8 hobgoblins
  13 jackals
  9 kobolds
  A quokka (D:3)
  2 frilled lizards
  11 goblins
  4 rats
80 creatures vanquished.

Notes
Turn   | Place    | Note
-------+----------+-------------------------------------------
     0 | D:1      | Ablot the Gnoll Skald began the quest for the Orb.
     0 | D:1      | Reached XP level 1. HP: 20/20 MP: 6/6
    46 | D:1      | Reached XP level 2. HP: 12/26 MP: 7/7
    50 | D:1      | Learned a level 2 spell: Song of Slaying
    53 | D:1      | Learned a level 2 spell: Shroud of Golubria
   706 | D:1      | Reached XP level 3. HP: 27/31 MP: 9/9
   711 | D:1      | Learned a level 3 spell: Regeneration
   715 | D:1      | Learned a level 3 spell: Spectral Weapon
  1064 | D:2      | Reached skill level 5 in Spellcasting
  1165 | D:2      | Reached skill level 1 in Invocations
  1271 | D:2      | Reached skill level 1 in Short Blades
  1271 | D:2      | Reached skill level 1 in Long Blades
  1271 | D:2      | Reached skill level 1 in Axes
  1271 | D:2      | Reached skill level 1 in Maces & Flails
  1271 | D:2      | Reached skill level 1 in Staves
  1271 | D:2      | Reached skill level 1 in Slings
  1271 | D:2      | Reached skill level 1 in Bows
  1271 | D:2      | Reached skill level 1 in Crossbows
  1271 | D:2      | Reached skill level 1 in Throwing
  1271 | D:2      | Reached skill level 1 in Stealth
  1271 | D:2      | Reached skill level 1 in Shields
  1271 | D:2      | Reached skill level 1 in Unarmed Combat
  1271 | D:2      | Reached skill level 1 in Evocations
  1271 | D:2      | Reached XP level 4. HP: 17/38 MP: 0/11
  1576 | D:2      | Reached skill level 1 in Conjurations
  1576 | D:2      | Reached skill level 1 in Hexes
  1576 | D:2      | Reached skill level 1 in Summonings
  1576 | D:2      | Reached skill level 1 in Necromancy
  1576 | D:2      | Reached skill level 1 in Translocations
  1576 | D:2      | Reached skill level 1 in Transmutations
  1576 | D:2      | Reached skill level 1 in Fire Magic
  1576 | D:2      | Reached skill level 1 in Ice Magic
  1576 | D:2      | Reached skill level 1 in Air Magic
  1576 | D:2      | Reached skill level 1 in Earth Magic
  1576 | D:2      | Reached skill level 1 in Poison Magic
  1581 | D:2      | Reached XP level 5. HP: 42/43 MP: 3/12
  1802 | D:2      | Found a bloodstained altar of Trog.
  1858 | D:2      | Found a blossoming altar of Fedhas.
  2064 | D:2      | Found a shimmering altar of Xom.
  2203 | D:3      | Found a faded altar of an unknown god.
  2463 | D:3      | You fall into a shaft and drop 3 floors!
  2665 | D:6      | Found a hide-covered altar of Uskayaw.
  2665 | D:6      | Found an iron altar of Okawaru.
  2675 | D:6      | Found a sacrificial altar of Ru.
  2680 | D:6      | Became a worshipper of Warmaster Okawaru
  2700 | D:6      | Noticed a centaur
  2709 | D:6      | Killed a centaur
  2709 | D:6      | Reached XP level 6. HP: 27/50 MP: 2/13
  2807 | D:6      | Noticed a sky beast
  2842 | D:5      | Entered Level 5 of the Dungeon
  2845 | D:5      | Noticed a phantom
  2855 | D:4      | Noticed Edmund
  2902 | D:4      | Slain by Edmund

Levels and vault maps discovered:
D:1:      nicolae_arrival_somewhat_less_tricky_arrival, layout_basic,
          minmay_misc_feat_plants, hangedman_decor_growths, chequers_garden,
          minivault_19
D:2:      layout_basic, lemuel_round_altar, old_standard_altar,
          fedhas_ov_isle_minmay
D:3:      layout_loops_ring, chequers_ecumenical_altar_island, first_ration
D:4:      layout_gridville, kiku_gazebo_pond_becter, uniq_edmund
D:5:      layout_rooms, grunt_temple_overflow_holy_war, lemuel_doored_altar,
          kennysheep_mini, minmay_temple_entry_mist
D:6:      layout_basic, chequers_temple_overflow_statue_of_worship

Skill      XL: |  1  2  3  4  5 |
---------------+----------------+-----
Spellcasting   | 5 |  5.3
Invocations    | 1 2 |  2.0
Short Blades   | 1 |  1.8
Long Blades    | 1 |  1.8
Axes           | 1 |  1.8
Maces & Flails | 1 |  1.8
Staves         | 1 |  1.8
Slings         | 1 |  1.8
Bows           | 1 |  1.8
Crossbows      | 1 |  1.8
Throwing       | 1 |  1.8
Stealth        | 1 |  1.8
Shields        | 1 |  1.8
Unarmed Combat | 1 |  1.8
Evocations     | 1 |  1.8
Conjurations   | 1 |  1.4
Hexes          | 1 |  1.4
Summonings     | 1 |  1.4
Necromancy     | 1 |  1.4
Translocations | 1 |  1.4
Transmutations | 1 |  1.4
Fire Magic     | 1 |  1.4
Ice Magic      | 1 |  1.4
Air Magic      | 1 |  1.4
Earth Magic    | 1 |  1.4
Poison Magic   | 1 |  1.4
Armour         | 3 |  3.2
Fighting       | |  4.9
Polearms       | |  4.9
Dodging        | |  4.9
Charms         | |  5.6

Action                   |  1- 3 |  4- 6 || total
-------------------------+-------+-------++-------
Melee: Spear             |   119 |   191 ||   310
       Bite              |    12 |    14 ||    26
       Punch             |       |     3 ||     3
 Cast: Shroud of Golubri |     2 |    12 ||    14
       Infusion          |     2 |     5 ||     7
       Spectral Weapon   |     1 |     4 ||     5
       Song of Slaying   |     1 |     2 ||     3
       Regeneration      |       |     1 ||     1
 Stab: Sleeping          |     2 |     1 ||     3
  Eat: Chunk             |     1 |     6 ||     7
Armor: Leather armour    |    15 |    25 ||    40
Dodge: Dodged            |    61 |    93 ||   154

Table legend:
 A = Non-vault XP
 B = Vault XP
 C = Vault XP percentage of total XP
 D = Non-vault monster count
 E = Vault monster count
 F = Vault count percentage of total count
                 A         B        C        D         E       F
            +---------+---------+-------+---------+---------+-------
      Total |     398 |       0 |   0.0 |      80 |       0 |   0.0
            +---------+---------+-------+---------+---------+-------
        D:1 |      37 |       0 |   0.0 |      18 |       0 |   0.0
        D:2 |     169 |       0 |   0.0 |      39 |       0 |   0.0
        D:3 |      50 |       0 |   0.0 |      17 |       0 |   0.0
        D:4 |      19 |       0 |   0.0 |       4 |       0 |   0.0
        D:6 |     123 |       0 |   0.0 |       2 |       0 |   0.0
            +---------+---------+-------+---------+---------+-------
